 Dungeon Crawl Stone Soup version 0.30-a0-956-gcec3b41aec (webtiles) character file.

Game seed: 6055634516723050

2219 HoaS the Skirmisher (level 9, -4/61 HPs)
             Began as a Formicid Hunter on Mar 29, 2023.
             Was a Priest of Zin.
             Slain by a swamp worm (21 damage)
             ... on level 7 of the Dungeon.
             The game lasted 00:14:35 (5940 turns).

HoaS the Skirmisher (Formicid Hunter)               Turns: 5940, Time: 00:14:35

Health: -4/61      AC:  8    Str: 17    XL:     9   Next: 61%
Magic:  12/12      EV: 12    Int:  8    God:    Zin [***...]
Gold:   398        SH:  0    Dex: 21    Spells: 8/8 levels left

rFire   . . .      SeeInvis +    a - +1 shortbow (freeze)
rCold   . . .      Faith    .    (no shield)
rNeg    + + .      Spirit   .    c - +1 leather armour
rPois   .          Reflect  .    (helmet unavailable)
rElec   .          Rampage  .    m - +0 cloak
rCorr   .                        h - +2 pair of gloves
Will    .....                    (no boots)
Stlth   ++                       (no amulet)
HPRegen 0.30/turn                j - ring of positive energy
MPRegen 0.13/turn                o - ring of positive energy

@: studying Shields
A: permanent stasis, dig shafts and tunnels, antennae 3, four strong arms
a: Dig, Shaft Self, Renounce Religion, Recite, Vitalisation, Imprison, Donate
Gold


You were on level 7 of the Dungeon.
You worshipped Zin.
Zin was most pleased with you.
You visited 2 branches of the dungeon, and saw 8 of its levels.
You also visited: Sewer.

You collected 442 gold pieces.
You donated 44 gold pieces to Zin.

Inventory:

Hand Weapons
 a - a +1 shortbow of freezing (weapon)
Armour
 c - a +1 leather armour (worn)
 h - a +2 pair of gloves (worn)
 m - a +0 cloak (worn)
 r - a +0 scale mail
Jewellery
 j - a ring of positive energy (left hand)
 o - a ring of positive energy (right hand)
Wands
 g - a wand of digging (6)
 l - a wand of flame (22)
Scrolls
 b - 3 scrolls of immolation
Potions
 e - a potion of invisibility
 f - 2 potions of attraction
 i - 2 potions of mutation
 k - 2 potions of curing {unknown}
 n - 3 potions of heal wounds {unknown}
 p - 3 potions of resistance
 q - a potion of might {unknown}


   Skills:
 - Level 2.1 Fighting
 * Level 12.2 Ranged Weapons
 - Level 1.7 Dodging
 - Level 1.2 Stealth
 - Level 4.0 Invocations


You had 8 spell levels left.
You didn't know any spells.
Your spell library contained the following spells:

 Spells                   Type           Power      Damage    Failure   Level
 Slow                     Hex            0%         N/A       47%         1
 Lesser Beckoning         Tloc           0%         N/A       63%         2
 Confusing Touch          Hex            0%         N/A       85%         3
 Gell's Gravitas          Tloc           0%         N/A       85%         3
 Teleport Other           Tloc           0%         N/A       85%         3
 Vampiric Draining        Necr           0%         2d6       85%         3
 Malign Gateway           Summ/Tloc      0%         N/A       100%        7
 Summon Horrible Things   Summ           0%         N/A       100%        8


Dungeon Overview and Level Annotations

Branches:
Dungeon (7/15)             Temple (1/1) D:5           Sewer (visited)

Altars:
Ashenzari
Cheibriados
Dithmenos
Elyvilon
Gozag
Hepliaklqana
Kikubaaqudgha
Makhleb
Nemelex Xobeh
Okawaru
Qazlal
Ru
Sif Muna
Trog
Uskayaw
Wu Jian
Xom
Zin
The Shining One

Shops:
D:1 =   D:2 =   D:5 ?

Annotations:
D:7 exclusion: hornet


Innate Abilities, Weirdness & Mutations

You cannot be hasted, slowed, berserked, paralysed or teleported.
You can dig through walls and to a lower floor.
You have a pair of large antennae on your head. (SInv)
Your four strong arms can wield two-handed weapons with a shield.


Message History

You add the spells Slow, Vampiric Draining and Confusing Touch to your library.
Found a stone staircase leading down.
You sense a monster nearby.
A hornet comes into view.
Press: ? - help, . - travel You can't see that place.
A swamp worm comes into view.
You shoot an arrow. The arrow hits the swamp worm!
The arrow freezes the swamp worm.
The swamp worm is heavily wounded.
You shoot an arrow. The arrow barely misses the swamp worm.
A swamp worm comes into view.
You shoot an arrow. The arrow hits the swamp worm!
The arrow freezes the swamp worm.
The swamp worm is severely wounded.
The swamp worm fires a harpoon shot at you.
The harpoon shot hits you!
You are yanked forward by the harpoon shot.
You shoot an arrow. The arrow hits the swamp worm.
The arrow freezes the swamp worm.
The swamp worm is almost dead.
The swamp worm bites you!
You shoot an arrow. The arrow hits the swamp worm!
The arrow freezes the swamp worm.
You kill the swamp worm!
You shoot an arrow. The arrow hits the swamp worm.
The arrow freezes the swamp worm.
The swamp worm is lightly wounded.
The swamp worm bites you!
You are too injured to fight recklessly!
You are too injured to fight recklessly!
You are too injured to fight recklessly!
You shoot an arrow.
The arrow closely misses the swamp worm.
The swamp worm bites you!
You shoot an arrow. The arrow hits the swamp worm.
The arrow freezes the swamp worm.
The swamp worm is moderately wounded.
The swamp worm bites you!!
You die...

#.##.## #.. #.##... #.##
#.##.#. #.#. ####.####.
#.#.#####......... #
#.#.#...#.###.####
~~.####.#.#.#.#.# #.##..
≈~~...#.#.#.#.#.###.##.#
~~~...w@................
~~~.#.#.#...#.#.###....#
P # #.........# ######
#.........# #
#.........#
#.#.........#
#.##.......## {
#..)#.........
###.##########


You could see a swamp worm.

Vanquished Creatures
  Sigmund (D:4)
  A swamp worm (D:7)
  2 water moccasins
  3 black bears (D:5)
  An orc warrior (D:6)
  2 ogres
  A kobold brigand (D:6)
  A phantom (D:7)
  3 bullfrogs
  3 scorpions
  3 orc priests
  Crazy Yiuf (D:3)
  2 hounds
  A gnoll bouda (D:4)
  3 iguanas
  4 orc wizards
  3 gnolls
  9 adders
  A river rat (D:4)
  A shadow imp (D:7)
  2 white imps
  2 worms (D:2)
  4 dart slugs
  15 orcs
  10 ball pythons
  6 bats
  19 endoplasms
  18 giant cockroaches
  6 hobgoblins
  3 jackals (D:1)
  13 kobolds
  15 quokkas
  6 frilled lizards
  5 goblins
  6 rats
176 creatures vanquished.

Vanquished Creatures (others)
  3 plants (D:7)
3 creatures vanquished.

Grand Total: 179 creatures vanquished

Notes
Turn   | Place    | Note
-------+----------+-------------------------------------------
     0 | D:1      | HoaS the Formicid Hunter began the quest for the Orb.
     0 | D:1      | Reached XP level 1. HP: 16/16 MP: 1/1
   109 | D:1      | Reached XP level 2. HP: 22/22 MP: 2/2
   310 | D:1      | Reached XP level 3. HP: 27/27 MP: 3/3
   378 | D:1      | Reached skill level 5 in Ranged Weapons
   378 | D:1      | Found Xer Guxt's Jewellery Boutique.
   815 | D:2      | Found Ewynatz's Jewellery Emporium.
   862 | D:2      | Identified a scroll of acquirement
   862 | D:2      | Acquired a manual of Shields
   931 | D:2      | Reached XP level 4. HP: 31/33 MP: 4/4
  1612 | D:3      | Reached skill level 6 in Ranged Weapons
  1612 | D:3      | Reached XP level 5. HP: 9/38 MP: 5/5
  2169 | D:3      | Found a runed translucent door.
  2170 | D:3      | Noticed Crazy Yiuf
  2518 | D:4      | Noticed Sigmund
  2525 | D:4      | Killed Sigmund
  2526 | D:4      | Reached skill level 7 in Ranged Weapons
  2526 | D:4      | Reached XP level 6. HP: 44/44 MP: 6/6
  2824 | D:4      | Found a glowing drain.
  2828 | Sewer    | Entered a sewer
  3001 | Sewer    | Reached XP level 7. HP: 50/50 MP: 7/7
  3209 | Sewer    | Reached skill level 8 in Ranged Weapons
  3395 | D:5      | Entered Level 5 of the Dungeon
  3460 | D:3      | Killed Crazy Yiuf
  3590 | D:5      | Found a staircase to the Ecumenical Temple.
  3781 | Temple   | Entered the Ecumenical Temple
  3781 | Temple   | Found a transporter.
  3781 | Temple   | Found a transporter.
  3783 | Temple   | Found a transporter.
  3783 | Temple   | Found a transporter.
  3826 | Temple   | Became a worshipper of Zin the Law-Giver
  3826 | Temple   | Reached * piety under Zin
  3933 | D:5      | Reached skill level 9 in Ranged Weapons
  3933 | D:5      | Reached skill level 1 in Invocations
  3933 | D:5      | Reached XP level 8. HP: 56/56 MP: 7/9
  4128 | D:5      | Reached ** piety under Zin
  4166 | D:5      | Found Ajit's Magic Scroll Shoppe.
  4929 | D:5      | Reached skill level 10 in Ranged Weapons
  5098 | D:6      | Reached XP level 9. HP: 61/61 MP: 12/12
  5148 | D:6      | Reached skill level 11 in Ranged Weapons
  5448 | D:6      | Reached *** piety under Zin
  5794 | D:6      | Reached skill level 12 in Ranged Weapons
  5912 | D:7      | Noticed a hornet
  5940 | D:7      | Slain by a swamp worm

Illustrated notes

Levels and vault maps discovered:
D:1:      lemuel_arrival_muddy, layout_loops_ring, serial_shops,
          nicolae_shop_advertising_works [nicolae_subvault_shop_adworks]
D:2:      layout_loops_ring, serial_shops, shop, kennysheep_boxes
D:3:      layout_loops_cross, uniq_crazy_yiuf_cottage
D:4:      layout_cave_pools, gup_sewer_entry_bowl, uniq_sigmund
D:5:      layout_gridville, minmay_temple_entry_mist, serial_shops,
          nicolae_shop_waterfront, feat_on_display
D:6:      layout_rooms
D:7:      layout_basic, worms_lemuel
Temple:   hellmonk_temple_divided_pantheon

Skill      XL: |  1  2  3  4  5  6  7  8  9 |
---------------+----------------------------+-----
Ranged Weapons | 5 6 7 9 10 12 | 12.2
Invocations    | 1 4 |  4.0
Fighting       | |  2.1
Dodging        | |  1.7
Stealth        | |  1.2

Action                     |  1- 3 |  4- 6 |  7- 9 || total
---------------------------+-------+-------+-------++-------
   Fire: Shortbow          |    99 |   173 |   264 ||   536
Ability: Dig               |       |       |     2 ||     2
    Use: Scroll            |     7 |     3 |    10 ||    20
 Armour: Leather armour    |    14 |    24 |    36 ||    74
  Dodge: Dodged            |    19 |    32 |    56 ||   107

Table legend: (Time is in decaauts)
 A = Elapsed time spent in this place.
 B = Non-inter-level travel time spent in this place.
 C = Inter-level travel time spent in this place.
 D = Time resting spent in this place.
 E = Time spent auto-exploring this place.
 F = Levels seen in this place.
 G = Mean time per level.
                   A        B        C        D        E       F      G
               +--------+--------+--------+--------+--------+-----+--------+
         Total |   6122 |   5843 |    279 |   1010 |   3523 |   9 |  680.2 |
       Dungeon |   5544 |   5265 |    279 |    866 |   3387 |   7 |  792.0 |
        Temple |     65 |     65 |      0 |      0 |      6 |   1 |   65.0 |
         Sewer |    512 |    512 |      0 |    144 |    130 |   1 |  512.0 |
               +--------+--------+--------+--------+--------+-----+--------+

Top non-repeatable levels by time:
     D:5: 1234 daAuts
     D:3: 1040 daAuts
     D:4: 786 daAuts
     D:1: 786 daAuts
     D:2: 762 daAuts
     D:6: 645 daAuts
   Sewer: 512 daAuts
     D:7: 289 daAuts
  Temple: 65 daAuts
